 Dungeon Crawl Stone Soup version 0.30-b1-2-g02819fbbbe (webtiles) character file.

Game seed: 6894170254226715183

24 MisterFreud the Ducker (level 2, 0/21 HPs)
             Began as a Felid Berserker on Aug 3, 2023.
             Was a Follower of Trog.
             Succumbed to an adder's poison
             ... on level 3 of the Dungeon.
             The game lasted 00:00:45 (591 turns).

MisterFreud the Ducker (Felid Berserker)             Turns: 591, Time: 00:00:46

Health: 0/21       AC:  1    Str: 13    XL:     2   Next: 79%
Magic:  3/3        EV: 18    Int:  8    God:    Trog [*.....]
Gold:   25         SH:  0    Dex: 15    Spells: 1/1 levels left
                                        Lives:  0   Deaths: 0

rFire   . .          .
                       - Unarmed
rCold   . . .        (shield unavailable)
rNeg    . . .        (body armour unavailable)
rPois   .            (helmet unavailable)
rElec   .            (cloak unavailable)
rCorr   .            (gloves unavailable)
SInv    +            (boots unavailable)
Will    .....        (no amulet) Stlth
                     (no ring)
HPRegen 0.23/turn    (no ring)
MPRegen 0.08/turn

%: no passive effects
@: berserking (expiring), lethally poisoned (0 -> -3), weak-willed, very quick
A: very small, claws 1, fangs 3, see invisible, speed 1, shaggy fur 1, stealthy
paws, no weapons or thrown items, no armour, multi-lived
a: Renounce Religion, Berserk


You were on level 3 of the Dungeon.
You worshipped Trog.
Trog was aware of your devotion.
You visited 1 branch of the dungeon, and saw 3 of its levels.

You collected 25 gold pieces.

Inventory:

Scrolls
 a - a scroll of enchant weapon {unknown}
Potions
 b - a potion of heal wounds {unknown}
 c - a potion of attraction {unknown}


   Skills:
 - Level 3.0 Fighting
 - Level 4.0 Dodging
 + Level 2.5 Stealth
 + Level 3.5 Unarmed Combat


You had one spell level left.
You didn't know any spells.
Your spell library was empty.

Dungeon Overview and Level Annotations

Branches:
Dungeon (2/15)

Altars:

Shops:
D:3 [


Innate Abilities, Weirdness & Mutations

You have sharp claws.
You have razor-sharp teeth.
You have supernaturally acute eyesight. (SInv)
You cover ground quickly. (Speed+)
You are covered in fur. (AC +1)
Your paws help you pounce on unaware monsters.
You are incapable of wielding weapons or throwing items.
You cannot wear armour.
You gain extra lives every three experience levels.


Message History

Found Duumoiqu's Antique Armour Shoppe.
You closely miss the adder. The adder closely misses you.
You scratch the adder.
The adder is moderately wounded.
The adder bites you.
You are poisoned.
The adder poisons you!
You miss the adder.
The adder is moderately wounded.
You feel sick. The adder misses you. The adder bites you.
You are lethally poisoned!
The adder poisons you!
You are too injured to fight recklessly!
A red film seems to cover your vision as you go berserk!
You feel yourself moving faster!
You feel mighty!
You feel very sick. The adder bites you.
* * * LOW HITPOINT WARNING * * *
You barely miss the adder.
The adder is moderately wounded.
* * * LOW HITPOINT WARNING * * *
You feel sick. The adder completely misses you.
You closely miss the adder.
The adder is moderately wounded.
* * * LOW HITPOINT WARNING * * *
You feel sick.
You miss the adder. Your bite misses the adder.
The adder is moderately wounded.
* * * LOW HITPOINT WARNING * * *
You feel sick. The adder closely misses you.
You claw the adder!
You kill the adder!
Trog accepts your kill.
* * * LOW HITPOINT WARNING * * *
You feel sick.
* * * LOW HITPOINT WARNING * * *
You feel sick.
You see here an adder corpse.
You feel a strong urge to attack something.
You die...

#.# .
#.#######
.∩.###.......#
.............#
...###.......#
. #.......#
#†......#
#.......#
#..@....#
#.......#
#.......#
#.......#
#.......#
#.......#
#.......#
#.......#


There were no monsters in sight!

Vanquished Creatures
  An adder (D:3)
  An endoplasm (D:1)
  A giant cockroach (D:1)
  3 goblins
  A hobgoblin (D:1)
  2 jackals (D:1)
  2 kobolds (D:1)
  A bat (D:1)
12 creatures vanquished.

Notes
Turn   | Place    | Note
-------+----------+-------------------------------------------
     0 | D:1      | MisterFreud the Felid Berserker began the quest for the
                  | Orb.
     0 | D:1      | Reached XP level 1. HP: 10/10 MP: 2/2
   186 | D:1      | Reached skill level 1 in Stealth
   205 | D:1      | Reached XP level 2. HP: 11/14 MP: 3/3
   573 | D:2      | You fall into a shaft and drop 1 floor!
   578 | D:3      | Found Duumoiqu's Antique Armour Shoppe.
   588 | D:3      | HP: 1/21 [poisoned by an adder]
   591 | D:3      | Succumbed to an adder's poison

Illustrated notes

Levels and vault maps discovered:
D:1:      lightli_arrival_isolated_outpost, layout_loops_ring
D:2:      layout_loops_corners, chequers_garden, minmay_tromino_i2
D:3:      layout_basic, serial_shops, nicolae_shop_rolling_square, shop_statue,
          nicolae_shop_hallway_stairs, nicolae_diamond_shop, shop,
          serial_undead, serial_undead_c, serial_undead_f, serial_undead_c,
          serial_undead_b, serial_undead_a, serial_undead_f,
          chequers_mini_garden

Skill      XL: |  1  2 |
---------------+-------+-----
Stealth        | 1 2 |  2.5
Fighting       | |  3.0
Dodging        | |  4.0
Unarmed Combat | |  3.5

Action                     || total
---------------------------++-------
  Melee: Unarmed           ||    27
         Bite              ||     4
         Punch             ||     1
 Invoke: Berserk           ||     1
    Use: Scroll            ||     3
   Stab: Sleeping          ||     1
  Dodge: Dodged            ||    17
